cohdb
Replays
Latest Replays
All Replays
Popular Replays
Top Player Replays
Match Explorer
How It Works
Community
CoH3 Stats
Reddit
Sign in to upload your games and track your stats! →
Sign in with Steam
Match 37611003
Unlisted
Match 37611003
Overview
Messages
Build Orders
End
Construct Barracks
Riflemen Squad
Selects Armored Battlegroup
Selects Assault Engineers
Riflemen Squad
Riflemen Squad
Infantry Support Center
Construct Medical Station
M1918 Browning Automatic Rifles
Grenade Package
Riflemen Squad
Selects Strength in Steel
Construct Motor Pool
M1 Anti-tank Gun Team
Riflemen Squad
Construct Tank Depot
Selects Seek and Destroy
Selects UNKNOWN (2160077)
M4A3E8 Sherman Easy Eight
Assault Engineer Squad
Selects Field Repairs
M4A3E8 Sherman Easy Eight
Selects War Machine
Assault Engineer Squad
M4A3E8 Sherman Easy Eight
M4A3E8 Sherman Easy Eight
M4A3E8 Sherman Easy Eight
M4A3E8 Sherman Easy Eight
M4A3E8 Sherman Easy Eight
Riflemen Squad
M4A3E8 Sherman Easy Eight
M4A3E8 Sherman Easy Eight
AI Takeover
LaurenFrost
Flun
MARTO
1204346298
R19
高磊
springfield
BieTaMaShuoYingYu
0
0
Comments
sign in to comment!
No comments posted yet!